 Dungeon Crawl Stone Soup version 0.30-b1-2-g02819fbbbe (webtiles) character file.

Game seed: 18175640747864004637

17 Alarkh the Shooter (level 2, 22/22 HPs)
             Began as a Demonspawn Hunter on May 25, 2023.
             Got out of the dungeon alive.
             The game lasted 00:00:39 (127 turns).

Alarkh the Shooter (Demonspawn Hunter)               Turns: 127, Time: 00:00:39

Health: 22/22      AC:  3    Str: 11    XL:     2   Next: 44%
Magic:  2/2        EV: 11    Int: 10    God:
Gold:   6          SH:  0    Dex: 16    Spells: 1/1 levels left

rFire   . . .        a - +0 shortbow
rCold   . . .        (shield currently unavailable)
rNeg    . . .        c - +0 leather armour
rPois   .            (no helmet)
rElec   .            (no cloak)
rCorr   .            (no gloves)
SInv    .            (no boots)
Will    .....        (no amulet)
Stlth   +            (no ring)
HPRegen 0.23/turn    (no ring)
MPRegen 0.08/turn

%: no passive effects
@: no status effects
A: spiny 1
a: no special abilities


You escaped.
You visited 1 branch of the dungeon, and saw 1 of its levels.

You collected 6 gold pieces.

Inventory:

Hand Weapons
 a - a +0 shortbow (weapon)
Missiles
 e - a throwing net
Armour
 c - a +0 leather armour (worn)
Scrolls
 b - a scroll of immolation
 d - a scroll of identify {unknown}
 f - a scroll of poison {unknown}


   Skills:
 - Level 2.0 Fighting
 + Level 4.3 Ranged Weapons
 - Level 1.7 Dodging
 - Level 0.8 Stealth


You had one spell level left.
You didn't know any spells.
Your spell library was empty.

Dungeon Overview and Level Annotations

Branches:
Dungeon (1/15)

Altars:


Innate Abilities, Weirdness & Mutations

You are partially covered in sharp spines.


Message History

No target in view!
No target in view!
e - a throwing net
f - a scroll labelled JIADWU PAXTOTU A gnoll comes into view.
It is wielding a +0 whip.
A gnoll is nearby!
You shoot an arrow. The arrow hits the gnoll.
The gnoll shouts!
The gnoll is lightly wounded.
You shoot an arrow. The arrow barely misses the gnoll.
You shoot an arrow. The arrow hits the gnoll!
The gnoll is severely wounded.
You shoot an arrow. The arrow hits the gnoll!
You kill the gnoll!
Your Ranged Weapons skill increases to level 4!
You have reached level 2!
Your demonic ancestry asserts itself...
Sharp spines emerge from parts of your body.
Things that are here:
a +0 whip; a gnoll corpse A goblin comes into view.
It is wielding a +0 dagger.
A goblin is nearby!
A goblin is nearby!
You shoot an arrow.
The arrow hits the goblin but does no damage.
The goblin shouts!
You shoot an arrow. The arrow hits the goblin.
You kill the goblin!
A ball python comes into view.
You shoot an arrow. The ball python hisses angrily.
The arrow hits the ball python!
You kill the ball python!
Things that are here:
a +0 whip; a gnoll corpse
There is an open door here.
There is an escape hatch in the floor here.
There is a staircase leading out of the dungeon here.
Are you sure you want to leave the Dungeon?
This will make you lose the game!
You have escaped!

###### ##.....## ##.......##
#......... #.........
#......###+### #
#.....##..#..##
#.#....##.@.#...##
#.##...#.>.##....#
#..##..#..##.....#... ...
#..###'###......#..##...##
#....#.........#...#.#.#. .####
#....#.........#...#.....
.....##....##.......##.........
............##.....##..........
#.......##...#######...........


There were no monsters in sight!

Vanquished Creatures
  A gnoll (D:1)
  A ball python (D:1)
  An endoplasm (D:1)
  A goblin (D:1)
  2 hobgoblins (D:1)
6 creatures vanquished.

Notes
Turn   | Place    | Note
-------+----------+-------------------------------------------
     0 | D:1      | Alarkh the Demonspawn Hunter began the quest for the Orb.
     0 | D:1      | Reached XP level 1. HP: 16/16 MP: 1/1
    69 | D:1      | Reached skill level 4 in Ranged Weapons
    69 | D:1      | Gained mutation: You are partially covered in sharp spines.
                  | [demonic ancestry]
    69 | D:1      | Reached XP level 2. HP: 22/22 MP: 2/2
   127 | D:$      | Got out of the dungeon alive.

Illustrated notes

Levels and vault maps discovered:
D:1:      co_arrival_two_rings, layout_basic

Skill      XL: |  1 |
---------------+----+-----
Ranged Weapons | 4 |  4.3
Fighting       | |  2.0
Dodging        | |  1.7
Stealth        | |  0.8

Action                     || total
---------------------------++-------
   Fire: Shortbow          ||    12
